 Dungeon Crawl Stone Soup version 0.31-a0-175-g9f7f995f2b (webtiles) character file.

Game seed: 8240834442676154574

60 qw the Shooter (level 4, 0/39 HPs)
             Began as a Naga Hunter on June 16, 2023.
             Slain by an adder (1 damage)
             ... on level 2 of the Dungeon.
             The game lasted 00:00:18 (727 turns).

qw the Shooter (Naga Hunter)                         Turns: 727, Time: 00:00:19

Health: 0/39       AC:  3    Str: 13    XL:     4   Next: 6%
Magic:  4/4        EV:  9    Int: 10    God:
Gold:   79         SH:  0    Dex: 16    Spells: 3/3 levels left

rFire   . . .        Y - +0 shortbow
rCold   . . .        (shield currently unavailable)
rNeg    . . .        c - +0 leather armour
rPois   +            (no helmet)
rElec   .            (no cloak)
rCorr   .            d - +0 pair of gloves
SInv    +            (no barding)
Will    .....        (no amulet)
Stlth   ++           (no ring)
HPRegen 0.26/turn    (no ring)
MPRegen 0.09/turn

%: no passive effects
@: lethally poisoned (0 -> -6), short of breath, very slow
A: AC +1, large, see invisible, deformed body, poison resistance, slowness 2,
spit poison 1, naga tail 1
a: Spit Poison


You were on level 2 of the Dungeon.
You visited 1 branch of the dungeon, and saw 2 of its levels.

You collected 79 gold pieces.


Innate Abilities, Weirdness & Mutations

Your serpentine skin is tough. (AC +1)
You have supernaturally acute eyesight. (SInv)
Armour fits poorly on your strangely shaped body.
Your system is resistant to poisons. (rPois)
You cover ground very slowly.
You can spit poison.
You have a snake-like lower body.


   Skills:
 + Level 2.0 Fighting
 - Level 5.0 Ranged Weapons
 - Level 1.5 Dodging
 - Level 1.5 Stealth


You had 3 spell levels left.
You didn't know any spells.
Your spell library was empty.

Inventory:

Hand Weapons
 Y - a +0 shortbow (weapon)
Armour
 c - a +0 leather armour (worn)
 d - a +0 pair of gloves (worn)
Jewellery
 b - a +6 ring of dexterity
Scrolls
 a - 3 scrolls of identify
 e - a scroll of immolation {unknown}
Potions
 f - a potion of degeneration {unknown}
 i - a potion of curing {unknown}

Dungeon Overview and Level Annotations

Branches:
Dungeon (2/15)

Altars:


Message History

You shoot an arrow. The arrow closely misses Jessica.
You feel very sick. Jessica hits you but does no damage.
You are more poisoned.
The adder closely misses you.
You shoot an arrow. The arrow hits Jessica.
Jessica is heavily wounded.
You have got your breath back.
You feel very sick.
Jessica hits you with a +0 dagger of venom.
The adder misses you.
722 ||| INVOKING Spit Poison.
Aiming: Spit Poison (2% risk of failure)
Press: ? - help, Shift-Dir - straight line, f/p - Jessica The splash of poison hits Jessica!
Jessica is poisoned.
You kill Jessica!
You feel very sick. The adder bites you but does no damage.
The adder bites you.
Your Ranged Weapons skill increases to level 5!
You have reached level 4!
You feel clever.
You shoot an arrow. The arrow closely misses the adder.
You feel very sick. The adder bites you but does no damage.
You shoot an arrow. The arrow closely misses the adder.
You feel very sick. The adder closely misses you. x2
You shoot an arrow. The arrow misses the adder.
You feel sick. The adder bites you but does no damage.
You shoot an arrow. The arrow hits the adder.
The adder is lightly wounded.
You have got your breath back.
You feel sick. The adder bites you.
You are more poisoned.
The adder poisons you! The adder barely misses you.
727 ||| INVOKING Spit Poison.
Aiming: Spit Poison (1% risk of failure)
Press: ? - help, Shift-Dir - straight line, f/p - adder The splash of poison misses the adder.
You feel sick. The adder bites you.
You die...

...........###.#
#.##
#.......#####.....#
..#............##
#....####.....
#...[# .#.. #....#
#..### . #S####.# .
#@.....# #
.......).#####
........##
......... .........
..........
.......#.. .......
.".


You could see an adder.

Vanquished Creatures
  Jessica (D:2)
  2 dart slugs
  5 bats
  An endoplasm (D:1)
  2 giant cockroaches
  2 goblins
  4 hobgoblins
  3 jackals (D:1)
  2 kobolds
  A ball python (D:1)
  2 frilled lizards (D:1)
  4 rats
29 creatures vanquished.

Notes
Turn   | Place    | Note
-------+----------+-------------------------------------------
     0 | D:1      | qw the Naga Hunter began the quest for the Orb.
     0 | D:1      | Reached XP level 1. HP: 19/19 MP: 1/1
     0 | D:1      | 0 ||| qw: Version: 0.2-a-29-g511e9b1
     0 | D:1      | 0 ||| qw: Game counter: 5858
     0 | D:1      | 0 ||| qw: Always use a shield: true
     0 | D:1      | 0 ||| qw: God list: Okawaru
     0 | D:1      | 0 ||| qw: Allow faded altars: false
     0 | D:1      | 0 ||| qw: Do Orc after D:15 true
     0 | D:1      | 0 ||| qw: Do second Lair branch before Depths: true
     0 | D:1      | 0 ||| qw: Lair rune preference: random
     0 | D:1      | 0 ||| qw: Plans: Normal
     0 | D:1      | 0 ||| PLANNING D:1-11
    31 | D:1      | 31 ||| INVOKING Spit Poison.
    69 | D:1      | 69 ||| INVOKING Spit Poison.
    80 | D:1      | 80 ||| INVOKING Spit Poison.
    81 | D:1      | Reached skill level 4 in Ranged Weapons
    81 | D:1      | Reached XP level 2. HP: 24/26 MP: 2/2
    95 | D:1      | 95 ||| INVOKING Spit Poison.
   126 | D:1      | 126 ||| INVOKING Spit Poison.
   129 | D:1      | 129 ||| INVOKING Spit Poison.
   140 | D:1      | 140 ||| INVOKING Spit Poison.
   282 | D:1      | 282 ||| INVOKING Spit Poison.
   310 | D:1      | Found a faded altar of an unknown god.
   311 | D:1      | 311 ||| INVOKING Spit Poison.
   334 | D:1      | 334 ||| INVOKING Spit Poison.
   380 | D:1      | 380 ||| INVOKING Spit Poison.
   386 | D:1      | 386 ||| INVOKING Spit Poison.
   595 | D:1      | 595 ||| UPGRADING to +0 pair of gloves.
   600 | D:1      | 600 ||| DROPPING ring of wizardry.
   601 | D:1      | 601 ||| READING 2 scrolls labelled HEACOPLA TEDAP.
   602 | D:1      | 602 ||| READING scroll labelled WIXTEH JOYT.
   603 | D:1      | 603 ||| DROPPING scroll of butterflies.
   632 | D:2      | 632 ||| INVOKING Spit Poison.
   633 | D:2      | Reached XP level 3. HP: 32/32 MP: 3/3
   644 | D:2      | 644 ||| INVOKING Spit Poison.
   647 | D:2      | 647 ||| INVOKING Spit Poison.
   677 | D:2      | 677 ||| INVOKING Spit Poison.
   713 | D:2      | 713 ||| INVOKING Spit Poison.
   715 | D:2      | Noticed Jessica
   717 | D:2      | 717 ||| INVOKING Spit Poison.
   722 | D:2      | 722 ||| INVOKING Spit Poison.
   722 | D:2      | Killed Jessica
   723 | D:2      | Reached skill level 5 in Ranged Weapons
   723 | D:2      | Reached XP level 4. HP: 13/39 MP: 4/4
   724 | D:2      | HP: 8/39 [poisoned by Jessica]
   726 | D:2      | HP: 3/39 [adder (2)]
   727 | D:2      | 727 ||| INVOKING Spit Poison.
   727 | D:2      | HP: 1/39 [poisoned by an adder]
   727 | D:2      | Slain by an adder

Levels and vault maps discovered:
D:1:      dpeg_arrival_houses_and_road, layout_basic,
          dreamdust_ecumenical_altar_angels_and_demons, grunt_decor_one_mirror
D:2:      layout_rooms, uniq_jessica

Skill      XL: |  1  2  3 |
---------------+----------+-----
Ranged Weapons | 4 5 |  5.0
Fighting       | |  2.0
Dodging        | |  1.5
Stealth        | |  1.5

Action                     |  1- 3 |  4- 6 || total
---------------------------+-------+-------++-------
   Fire: Shortbow          |    43 |     4 ||    47
Ability: Spit Poison       |    19 |     1 ||    20
    Use: Scroll            |     2 |       ||     2
 Armour: Leather armour    |     2 |     2 ||     4
  Dodge: Dodged            |     7 |     3 ||    10

Table legend:
 A = Non-vault XP
 B = Vault XP
 C = Vault XP percentage of total XP
 D = Non-vault monster count
 E = Vault monster count
 F = Vault count percentage of total count
                 A         B        C        D         E       F
            +---------+---------+-------+---------+---------+-------
      Total |      50 |      37 |  42.5 |      28 |       1 |   3.4
            +---------+---------+-------+---------+---------+-------
        D:1 |      33 |       0 |   0.0 |      18 |       0 |   0.0
        D:2 |      17 |      37 |  68.5 |      10 |       1 |   9.1
            +---------+---------+-------+---------+---------+-------
